[Event "Early-Titled-Tuesday-Blitz-October-10-2023"]
[Site "Chess.com"]
[Date "2023.10.10"]
[Round "6"]
[White "meoluoi91"]
[Black "dosto07"]
[Result "0-1"]
[WhiteElo "2594"]
[BlackElo "2523"]
[TimeControl "180+1"]
[EndTime "9:05:30 PDT"]
[Termination "dosto07 won on time"]

1. d4 d5 2. c4 dxc4 3. e3 Nf6 4. Bxc4 e6 5. Nc3 a6 6. Bb3 c5 7. Nf3 Nc6 8. O-O cxd4 9. exd4 Be7 10. Re1 O-O 11. Bg5 Na5 12. Bc2 b5 13. Qd3 g6 14.
Ne5 Bb7 15. Rad1 Rc8 16. Bh6 Re8 17. Qh3 Qd6 18. Bf4 Qb6 19. a3 Nc4 20. Bb3 Nd5 21.
Bc1 Nxe5 22. Nxd5 Bxd5 23. Bxd5 exd5 24. dxe5 Rc2 25. Be3 Qc6 26. Bd4 Bc5 27. Qd3 Bxd4 28. Qxd4 Re6 29. b4 Rc3 30. Qxd5 Qxd5 31. Rxd5 Rxa3 32.
h4 h5 33. Re4 Rc6 34. Rf4 Rc7 35. Rf6 Rb3 36. e6 Kg7 37. Rxf7+ Rxf7 38. exf7 Rxb4 39.
Rd7 Ra4 40. Rb7 b4 41. Kh2 a5 42. Kg3 Ra2 43. f4 Rb2 44. Kf3 a4 45. g4 hxg4+ 46. Kxg4 a3 47. Kg5 a2 48. f5 Rg2+ 49. Kf4 gxf5 50. h5 Rh2 51. Kg5 a1=Q 52. h6+ Rxh6 0-1

[Event "Early-Titled-Tuesday-Blitz-October-10-2023"]
[Site "Chess.com"]
[Date "2023.10.10"]
[Round "6"]
[White "LUISMIGUELOV"]
[Black "Goi_Manne"]
[Result "1/2-1/2"]
[WhiteElo "2141"]
[BlackElo "2292"]
[TimeControl "180+1"]
[EndTime "9:05:32 PDT"]
[Termination "Game drawn by repetition"]

1. d4 d5 2. Nf3 Nf6 3. c3 Bf5 4. Qb3 Qc8 5. Bf4 c6 6. Nbd2 Nbd7 7. e3 e6 8. Be2 Be7 9. O-O O-O 10. h3 h6 11. Rfe1 Nb6 12. a4 Qd7 13. Ne5 Qc8 14.
a5 Nbd7 15. Ndf3 Nxe5 16. Nxe5 Bd6 17. Qd1 Qc7 18. b4 Nd7 19. Nxd7 Qxd7 20. Bxd6 Qxd6 21. f4 Be4 22. Bf3 f5 23. Bxe4 fxe4 24. Qh5 Rf5 25. Qh4 Qd8 26. Qxd8+ Rxd8 27. g4 Rf7 28. Kg2 g5 29.
fxg5 hxg5 30. Rf1 Rh7 31. Rf6 Re8 32. Rg6+ Rg7 33. Rxg7+ Kxg7 34. Rf1 Kg6 35. Kg3 b6 36. a6 Rh8 37. Rf2 Rc8 38. h4 gxh4+ 39. Kxh4 c5 40.
g5 cxb4 41. Rf6+ Kg7 42. cxb4 Rc3 43. Rxe6 Rxe3 44. Re7+ Kg6 45. Rxa7 Ra3 46. Ra8 Kg7 47. b5 Ra5 48. a7 Ra3 49. Kg4 Ra1 50. Rd8 Rxa7 51.
Rxd5 Ra3 52. Kf4 e3 53. Re5 Rb3 54. Re6 Rxb5 55. Rxe3 Rd5 56. Re4 b5 57. Re7+ Kg6 58.
Re6+ Kf7 59. Re5 Rxd4+ 60. Kf5 Rb4 61. g6+ Kg8 62. Re8+ Kg7 63. Re7+ Kf8 64. Rb7 Rb1 65. Kf6 Rf1+ 66. Ke6 Re1+ 67. Kf6 Rf1+ 68. Ke6 Rg1 69. Kf6 Rf1+ 1/2-1/2

[Event "Early-Titled-Tuesday-Blitz-October-10-2023"]
[Site "Chess.com"]
[Date "2023.10.10"]
[Round "6"]
[White "Duhless"]
[Black "Elprofessor21"]
[Result "1-0"]
[WhiteElo "2942"]
[BlackElo "2777"]
[TimeControl "180+1"]
[EndTime "9:05:33 PDT"]
[Termination "Duhless won by resignation"]

1. d4 Nf6 2. Nf3 d5 3. Bg5 Ne4 4. Bh4 Qd6 5. c4 Qh6 6. cxd5 e6 7. Nc3 Nxc3 8. bxc3 exd5 9. e3 Bd6 10. Bd3 Bg4 11.
Qb3 Nd7 12. Bg5 Qh5 13. Qxd5 h6 14. Qe4+ Kf8 15. Bf4 Bxf4 16. Qxf4 Bxf3 17. Qxf3 Qxf3 18. gxf3 Nf6 19. Kd2 Ke7 20. a4 a5 21. h4 g6 22.
Rab1 b6 23. Rb5 Rad8 24. f4 h5 25. Ke2 Rhe8 26. Rc1 Kf8 27. Kf3 Re7 28. c4 Nd7 29. Be4 f5 30. Bc2 Kg7 31. Rg1 Kh6 32. Rc1 Nf6 33.
Kg2 Nd7 34. Bd1 c6 35. Rb2 Rde8 36. Bf3 Rc8 37. Rcb1 Kg7 38. Rb3 Kf6 39. Rc3 Kg7 40. c5 bxc5 41. dxc5 Nf6 42. Rb6 Ne4 43. Rc4 Nd2 44.
Rd4 Nxf3 45. Kxf3 Re6 46. Rd7+ Kf6 47. Rbb7 Rf8 48. Ra7 Re4 49. Rdc7 Ke6 50. Rxc6+ Kd5 51. Rxg6 Kxc5 52. Rxa5+ Kb4 53. Re5 Rxe5 54. fxe5 Kxa4 55. Kf4 Kb5 56. Rf6 Rg8 57. f3 Rg1 58. Rxf5 1-0

[Event "Early-Titled-Tuesday-Blitz-October-10-2023"]
[Site "Chess.com"]
[Date "2023.10.10"]
[Round "6"]
[White "FMStan15"]
[Black "soumeow"]
[Result "0-1"]
[WhiteElo "2113"]
[BlackElo "2292"]
[TimeControl "180+1"]
[EndTime "9:05:33 PDT"]
[Termination "soumeow won by resignation"]

1. e4 c5 2. c3 Nf6 3. e5 Nd5 4. d4 cxd4 5. Nf3 Nc6 6. cxd4 d6 7. Bc4 dxe5 8. dxe5 Be6 9. O-O g6 10. Bb5 Bg7 11. Nd4 Qd7 12. Qa4 Nb6 13. Bxc6 Nxa4 14. Bxd7+ Bxd7 15. f4 Rc8 16. Be3 Nxb2 17. Nd2 Nc4 18.
Nxc4 Rxc4 19. Rfc1 Rxc1+ 20. Rxc1 O-O 21. Rc7 Bc8 22.
Nb5 a6 23. Na7 Be6 24. a3 Rb8 25. Bc5 Bf8 26. Bxe7 Bxe7 27. Rxe7 Kf8 28. Rc7 Ke8 29. h3 Kd8 30. Rc1 Ra8 31. Nc6+ bxc6 32. Rxc6 Kd7 33. Rd6+ Ke7 34. g4 Bc4 35. f5 gxf5 36. gxf5 Rg8+ 37.
Kf2 Rg5 38. Rc6 Rxf5+ 39. Ke3 Bb5 40. Rc5 Rh5 41. Kf4 Rxh3 42. Rc7+ Ke6 43. Rb7 Rxa3 44. Rb6+ Kd5 45. Rd6+ Kc5 46. Rf6 Bc4 47. Rh6 Be6 48. Rxh7 a5 49. Rh8 a4 50. Ra8 Ra1 51. Ke3 a3 52.
Kd2 a2 53. Kc2 Rh1 54. Kb2 Rb1+ 55. Kc2 a1=Q 56. Rxa1 Rxa1 0-1

[Event "Early-Titled-Tuesday-Blitz-October-10-2023"]
[Site "Chess.com"]
[Date "2023.10.10"]
[Round "6"]
[White "Willi_Skibbe"]
[Black "Better_Chess_Faster"]
[Result "1-0"]
[WhiteElo "2227"]
[BlackElo "2039"]
[TimeControl "180+1"]
[EndTime "9:05:33 PDT"]
[Termination "Willi_Skibbe won on time"]

1. f4 g6 2. Nf3 Bg7 3. g3 c5 4. Bg2 Nc6 5. O-O d6 6. d3 e6 7. c3 Nge7 8. e4 Rb8 9. d4 b6 10. d5 exd5 11. exd5 Na5 12. a4 O-O 13. Na3 a6 14.
Be3 b5 15. axb5 axb5 16. Qc2 Bf5 17. Qf2 Nxd5 18. Ng5 Nxe3 19. Qxe3 Re8 20. Qf2 d5 21. Rad1 d4 22. cxd4 Bxd4 23. Rxd4 Qxd4 24. Qxd4 cxd4 25. Bd5 Be6 26. Bxe6 fxe6 27. Ne4 Kf7 28. Nd6+ Kf6 29. Nxe8+ Rxe8 30. Nxb5 Rd8 31. Rd1 d3 32. Nc3 Nc4 33. b3 Ne3 34. Rd2 Nc2 35. Ne4+ Kf5 36. Nc5 Nb4 37. Kf2 e5 38. g4+ Kxg4 39. fxe5 Kf5 40.
e6 Re8 41. Ke3 g5 42. Rf2+ Kg6 43. Kd2 h5 44. Rf3 g4 45. Re3 Nd5 46. Re5 Nf4 47. Re4 Kg5 48. b4 Kf5 49. b5 Nxe6 50. b6 Nxc5 51. Rxe8 h4 52. Rc8 Nb7 53. Rc7 Na5 54. Ra7 Nc6 55. Ra4 g3 56. hxg3 hxg3 57. b7 g2 58. Ra1 Kf4 59. Kxd3 Kg3 60. Kc4 Kf2 61. Kc5 Nb8 62. Ra2+ Kf1 63. Ra1+ Kf2 64. Kb6 1-0

[Event "Early-Titled-Tuesday-Blitz-October-10-2023"]
[Site "Chess.com"]
[Date "2023.10.10"]
[Round "6"]
[White "Zavgorodniy_Sergiy"]
[Black "RobertoJBM"]
[Result "1-0"]
[WhiteElo "2645"]
[BlackElo "2804"]
[TimeControl "180+1"]
[EndTime "9:05:36 PDT"]
[Termination "Zavgorodniy_Sergiy won on time"]

1. e4 c6 2. d4 d5 3. exd5 cxd5 4. c4 Nf6 5. Nc3 e6 6. Nf3 Be7 7.
cxd5 Nxd5 8. Bd3 O-O 9. O-O Nc6 10. Re1 Nf6 11. Bg5 b6 12. Ne5 Bb7 13. Ba6 Qc8 14.
Qf3 Na5 15. Bxb7 Qxb7 16. Qxb7 Nxb7 17. Nc6 Bd6 18. Bxf6 gxf6 19. d5 Rfe8 20. dxe6 fxe6 21. Rad1 f5 22. Nb5 Bf4 23. g3 a6 24. Na3 Bh6 25.
Rd7 Nc5 26. Rc7 Bf8 27. Nc4 Rac8 28. Rxc8 Rxc8 29. N4e5 Rc7 30. b4 Ne4 31. Rd1 Kg7 32. a3 a5 33. f3 Nc3 34. Rd3 axb4 35. axb4 Nd5 36. b5 Bc5+ 37. Kg2 f4 38. Kh3 Kf6 39. g4 h5 40. gxh5 Rh7 41. Ng4+ Kg5 42. h6 Ne3 43. Nce5 Bf8 44. Nxe3 fxe3 45. Rxe3 Bxh6 46. Ng4 Kf4 47. Kg2 Bf8 48. Re4+ Kf5 49. Re5+ Kf4 50. Rxe6 Bc5 51. Rf6+ Kg5 52. Kg3 Be3 53. f4+ Bxf4+ 54. Rxf4 Rc7 55. h4+ Kh5 56. Rf5+ Kg6 57. Rg5+ Kh7 58.
h5 Rc4 59. Rg6 Rc5 60. Rxb6 Kg7 61. Kh4 1-0

[Event "Early-Titled-Tuesday-Blitz-October-10-2023"]
[Site "Chess.com"]
[Date "2023.10.10"]
[Round "6"]
[White "Sadykov_Ramil"]
[Black "Jojo_898"]
[Result "1-0"]
[WhiteElo "2621"]
[BlackElo "2402"]
[TimeControl "180+1"]
[EndTime "9:05:36 PDT"]
[Termination "Sadykov_Ramil won by resignation"]

1. Nf3 Nf6 2. c4 e6 3. g3 b6 4. Bg2 Bb7 5. O-O Be7 6. b3 O-O 7. Bb2 d5 8. cxd5 Nxd5 9. a3 Bf6 10. d4 c5 11. e4 Nc7 12. e5 Be7 13. dxc5 Bxc5 14. b4 Be7 15. Nc3 Nd7 16. Qe2 Nd5 17. Ne4 a5 18. b5 Nc5 19. Nd4 Qc7 20. Rac1 Rac8 21. f4 Qd7 22. Rfd1 Nxe4 23. Bxe4 Rxc1 24. Rxc1 Rc8 25. Rd1 Rc5 26. Qd3 g6 27. Kg2 Qc8 28.
Kh3 Rc4 29. Rd2 Qc5 30. Nc6 Bxc6 31. bxc6 Qxc6 32. Bxd5 exd5 33. Qxd5 Qxd5 34. Rxd5 Rc2 35. Bd4 Rc6 36. a4 Bc5 37. Bb2 Bb4 38. Rd7 Rc2 39.
Bd4 Bc5 40. Rd8+ Kg7 41. e6+ Bxd4 42. e7 Re2 43. e8=Q Rxe8 44. Rxe8 Kf6 45. Kg4 h5+ 46. Kf3 Bg1 47. h3 Bc5 48. g4 hxg4+ 49. hxg4 Bg1 50. g5+ Kg7 51. Ke4 Bc5 52. f5 gxf5+ 53. Kxf5 Be3 54. Rxe3 1-0

[Event "Early-Titled-Tuesday-Blitz-October-10-2023"]
[Site "Chess.com"]
[Date "2023.10.10"]
[Round "6"]
[White "Fandorine"]
[Black "SchachmattTV_Tobi"]
[Result "1-0"]
[WhiteElo "2905"]
[BlackElo "2589"]
[TimeControl "180+1"]
[EndTime "9:05:39 PDT"]
[Termination "Fandorine won by checkmate"]

1. g3 d5 2. Bg2 Nf6 3. Nf3 e6 4. O-O Be7 5. d3 O-O 6. Bf4 c5 7. e4 Nc6 8. e5 Nd7 9. h4 b5 10.
Re1 a5 11. Nbd2 b4 12. Nf1 Ba6 13. N1h2 a4 14. a3 bxa3 15. bxa3 Rb8 16. h5 h6 17. Ng4 Nd4 18. c4 dxc4 19. dxc4 Nb3 20. Rc1 Nb6 21. Rc3 Qxd1 22. Rxd1 Bxc4 23. Re1 Bd5 24. Ne3 Rfc8 25. Nc2 c4 26. Be3 Bxf3 27. Bxf3 Nd5 28. Bxd5 exd5 29. Rd1 Rd8 30. Kf1 Nc5 31. Bxc5 Bxc5 32. Ke2 Kf8 33. Ne3 Bxe3 34. Kxe3 Rb3 35. Kd4 Ke7 36. f4 Rdb8 37.
g4 Rxc3 38. Kxc3 Rb3+ 39. Kd4 Rxa3 40. Kc5 Rd3 41. Rb1 Rb3 42. Rd1 a3 43. Kxd5 a2 44.
Ra1 c3 45. Rxa2 Rb4 46. Ra7+ Kf8 47. Ra8+ Ke7 48. Ra7+ Kf8 49. f5 c2 50. Rc7 Rxg4 51.
Rxc2 Ke7 52. Rc7+ Ke8 53. Rc8+ Ke7 54. Ra8 Rf4 55. Ra7+ Ke8 56. Kd6 Rd4+ 57. Kc6 Rg4 58. f6 gxf6 59. exf6 Rf4 60. Ra8# 1-0

[Event "Early-Titled-Tuesday-Blitz-October-10-2023"]
[Site "Chess.com"]
[Date "2023.10.10"]
[Round "6"]
[White "ChessTankMan"]
[Black "Karttunen"]
[Result "1/2-1/2"]
[WhiteElo "2522"]
[BlackElo "2649"]
[TimeControl "180+1"]
[EndTime "9:05:39 PDT"]
[Termination "Game drawn - insufficient material"]

1. e4 c5 2. Nf3 d6 3. d4 cxd4 4. Qxd4 a6 5. c4 f5 6. exf5 Nc6 7. Qf4 Qa5+ 8. Nc3 Bxf5 9. Bd2 Nh6 10. Be2 e5 11.
Qg3 e4 12. Nxe4 Qb6 13. Nxd6+ Bxd6 14. Qxd6 Qxb2 15. O-O Rd8 16. Qf4 O-O 17. Qg5 Be4 18.
Rad1 Qf6 19. Qxf6 Rxf6 20. Bg5 Rxd1 21. Rxd1 Rf7 22. c5 Kf8 23. Bc4 Bxf3 24. gxf3 Rxf3 25. Rd7 Rf5 26. Be3 Ne5 27. Rxb7 Nxc4 28. c6 Nd6 29. Rb8+ Ke7 30. c7 Kd7 31. Rd8+ Kxc7 32. Rh8 Nhf7 33. Rxh7 Kc6 34. Rxg7 Kd5 35. Rg6 Ne5 36. Rg7 Nf3+ 37.
Kg2 Ne5 38. h4 Nec4 39. Rh7 Nxe3+ 40. fxe3 Ne4 41. h5 Rf2+ 42. Kh3 Rxa2 43. Rd7+ Ke6 44. Ra7 Kf5 45. h6 Ng5+ 46. Kg3 Ne4+ 47. Kh3 Ng5+ 48. Kg3 Kg6 49. Kf4 Nh7 50. Ke5 Kxh6 51. Kd5 Nf6+ 52. Kc5 Ne4+ 53. Kb6 Nc3 54. Rxa6 Nd5+ 55. Kb5+ Rxa6 56.
Kxa6 Nxe3 1/2-1/2

[Event "Early-Titled-Tuesday-Blitz-October-10-2023"]
[Site "Chess.com"]
[Date "2023.10.10"]
[Round "6"]
[White "Witik"]
[Black "Fan_Of_Chucky"]
[Result "0-1"]
[WhiteElo "2689"]
[BlackElo "2548"]
[TimeControl "180+1"]
[EndTime "9:05:40 PDT"]
[Termination "Fan_Of_Chucky won by resignation"]

1. d4 e5 2. dxe5 Nc6 3. Nf3 Qe7 4. Bg5 Qe6 5. Nc3 Nxe5 6. Nd5 Nxf3+ 7. gxf3 Bd6 8. e4 h6 9. Be3 c6 10. Nf4 Bxf4 11.
Bxf4 Ne7 12. Bd6 Nf5 13. Ba3 d5 14. Qd2 Nh4 15. O-O-O Nxf3 16. Qc3 dxe4 17. Qxg7 Qe5 18. Qg2 Be6 19. h4 Qf4+ 20. Kb1 Nd2+ 21. Ka1 O-O-O 22. Be2 Rhg8 23. Qh2 Qxh2 24. Rxh2 Nc4 25. Rxd8+ Kxd8 26. Rh1 Nxa3 27. bxa3 Rg2 28. Rf1 e3 29. Kb2 Rxf2 30.
Re1 f5 31. Bd3 f4 32. Rg1 e2 33. Kc3 Rf1 34. Rxf1 exf1=Q 35. Bxf1 Bxa2 36. Kd4 Bd5 37. Ke5 f3 38. c4 Bf7 39. Kf6 Be8 40. Kg7 h5 41. Kf6 a6 42. c5 Kc7 43. Ke7 Bg6 44.
Kf6 Be8 45. Ke7 Bd7 46. a4 Bg4 47. a5 f2 48. Kf6 Kd7 49. Ke5 Ke7 50. Kf4 Kf6 51.
Ke3 Ke5 52. Kxf2 Kd4 53. Kg3 Kxc5 54. Kf4 Kb4 55. Kg5 c5 56. Be2 Bxe2 0-1

[Event "Early-Titled-Tuesday-Blitz-October-10-2023"]
[Site "Chess.com"]
[Date "2023.10.10"]
[Round "6"]
[White "Tsyhanchuk_Stanislav"]
[Black "cukin84"]
[Result "1-0"]
[WhiteElo "2465"]
[BlackElo "2213"]
[TimeControl "180+1"]
[EndTime "9:05:40 PDT"]
[Termination "Tsyhanchuk_Stanislav won by resignation"]

1. e4 c6 2. d4 d5 3. e5 c5 4.
dxc5 e6 5. b4 Nc6 6. Nf3 Nxb4 7.
c4 Bxc5 8. a3 Nc6 9. cxd5 exd5 10. Nc3 Nge7 11. Bg5 Be6 12. Bd3 Qa5 13. Bd2 Qd8 14.
O-O Ng6 15. Re1 O-O 16. Bg5 Be7 17. Bd2 a6 18. a4 Rc8 19. Rb1 Nb4 20. Bxg6 hxg6 21.
Nd4 Nd3 22. Re3 Nc5 23. a5 Bg5 24. Rg3 Bxd2 25. Qxd2 Qe7 26. Nxe6 fxe6 27. Rxg6 Qf7 28. Rg3 Rcd8 29. Rf1 d4 30. Qg5 dxc3 31. Rh3 Rd4 32.
Qe3 Qf4 33. Qxc3 Nd7 34. Rg3 Nxe5 35. h4 Qxh4 36. Qc7 Nf7 37. Qb6 Rg4 38. Rf3 Qg5 39. g3 Qg6 40. Re1 Re8 41. Rfe3 Ng5 42. Qxb7 Nh3+ 43. Kg2 Nf4+ 44. Kf1 Nd5 45. Qc6 Nxe3+ 46.
Rxe3 Rd4 47. Kg1 Rd1+ 48. Kg2 Qh5 49. f3 Qh1+ 50. Kf2 Rf1+ 51. Ke2 Qg2+ 52. Kd3 Rd1+ 53. Ke4 Qxg3 54. Qxe8+ Kh7 55. Qh5+ Kg8 56. Qe8+ Kh7 57. Qxe6 Qg6+ 58. Qxg6+ Kxg6 59. Rb3 Rd6 60. Rb6 1-0

[Event "Early-Titled-Tuesday-Blitz-October-10-2023"]
[Site "Chess.com"]
[Date "2023.10.10"]
[Round "6"]
[White "atalz0"]
[Black "RianKapriaga"]
[Result "1-0"]
[WhiteElo "2491"]
[BlackElo "2311"]
[TimeControl "180+1"]
[EndTime "9:05:41 PDT"]
[Termination "atalz0 won on time"]

1. d4 Nf6 2. c4 e6 3. Nc3 Bb4 4. Qc2 d5 5. cxd5 exd5 6. Bf4 O-O 7. e3 Ne4 8. Bd3 Bf5 9. Ne2 Nxc3 10. bxc3 Bxd3 11. Qxd3 Bd6 12. O-O c6 13. Rfb1 b6 14. c4 dxc4 15. Qxc4 Bxf4 16. Nxf4 Qc7 17. a4 Re8 18. a5 Nd7 19. axb6 Nxb6 20. Qc5 Qd7 21. h3 h6 22. Ra6 Rab8 23. Rba1 Rb7 24. Nd3 Re6 25.
Ne5 Qc7 26. Rc1 Nd7 27. Nxd7 Qxd7 28. Rxc6 Rxc6 29. Qxc6 Qxc6 30. Rxc6 Kf8 31. f3 Ke7 32. e4 h5 33. h4 g6 34. Kf2 Kd7 35. d5 Rb8 36.
Ra6 Ra8 37. Ke3 Kc7 38. Kd4 Kb7 39. Rf6 Rf8 40. Kc5 a5 41. Kb5 Kc7 42. e5 Rb8+ 43. Kxa5 Kd7 44. Rxf7+ Ke8 45. e6 1-0

[Event "Early-Titled-Tuesday-Blitz-October-10-2023"]
[Site "Chess.com"]
[Date "2023.10.10"]
[Round "6"]
[White "campochess"]
[Black "LaPiToB"]
[Result "0-1"]
[WhiteElo "2129"]
[BlackElo "2294"]
[TimeControl "180+1"]
[EndTime "9:05:41 PDT"]
[Termination "LaPiToB won on time"]

1. e4 c6 2. Nc3 d5 3. Nf3 dxe4 4. Nxe4 Nf6 5. Ng3 h5 6. h4 Bg4 7. Bc4 e6 8. d3 c5 9. Bg5 Be7 10.
Bxf6 Bxf6 11. Ne4 Nc6 12. Qd2 Bxf3 13. gxf3 Nd4 14. Rh3 Rc8 15. c3 Nf5 16. Bb5+ Kf8 17. Nxf6 Qxf6 18. Qg5 Qe5+ 19. Kf1 f6 20. Qd2 a6 21.
Re1 Qd6 22. Bc4 e5 23. f4 b5 24. fxe5 fxe5 25. Qg5 g6 26. Bb3 Kg7 27. Rf3 Rhf8 28.
a4 Rc7 29. Bc2 Rcf7 30. Kg1 Nh6 31. Rxf7+ Nxf7 32. Qg3 Qf6 33. axb5 axb5 34. Re3 Re8 35. Rf3 Qe6 36. Re3 Nh6 37. Qf3 Nf5 38. Re4 Qf6 39.
Bb3 Ra8 40. Kh2 Ra1 41. d4 cxd4 42. cxd4 Nxd4 43. Qxf6+ Kxf6 44. Re3 Nf5 45. Rf3 e4 46. Rc3 Nxh4 47. Rc6+ Kg5 48. Rc5+ Kf4 49. Rxb5 Nf5 50. Bf7 g5 51. Bxh5 Rb1 52. Be2 g4 53. Rb4 Re1 54.
Bd3 g3+ 55. fxg3+ Nxg3 56. Kg2 Re3 0-1

[Event "Early-Titled-Tuesday-Blitz-October-10-2023"]
[Site "Chess.com"]
[Date "2023.10.10"]
[Round "6"]
[White "djano"]
[Black "angryspacevoid"]
[Result "1-0"]
[WhiteElo "2676"]
[BlackElo "2519"]
[TimeControl "180+1"]
[EndTime "9:05:42 PDT"]
[Termination "djano won on time"]

1. e4 c5 2. Nc3 Nc6 3. f4 e6 4.
Nf3 d5 5. Bb5 Ne7 6. exd5 exd5 7. Qe2 Bd7 8. Nxd5 a6 9. Bd3 Bg4 10. Nxe7 Bxe7 11. c3 O-O 12. O-O Re8 13. Bc2 Bf6 14. Qf2 Qd6 15. h3 Be6 16. d3 Bf5 17.
Rd1 h5 18. Be3 Rad8 19. Ng5 Nd4 20. Bxd4 cxd4 21. Ne4 Qb6 22. Nxf6+ Qxf6 23. c4 Re3 24. Rd2 Rde8 25. Rf1 Qg6 26. Kh2 Bxd3 27. Bxd3 Rxd3 28.
Re2 Rde3 29. Rfe1 Qe4 30. Rxe3 dxe3 31. Qf1 e2 32. Qf2 Qd3 33. b3 Qd2 34. f5 f6 35.
Kg1 Re3 36. Kh2 Re5 37. Kg1 Re3 38. Kh2 Qd3 39. Rg1 Re4 40. Qe1 Qe3 41. g3 Rd4 42.
Rg2 Re4 43. Rf2 Qd3 44. Rg2 Qd1 45. Rg1 Qd3 46. Rg2 Re3 47. Rg1 Qe4 48. c5 Qc2 49. b4 Qxa2 50. b5 axb5 51. Qc1 Qb3 52. Re1 Qd3 53. c6 bxc6 54. Qxc6 Qd2 55. Qa8+ Kh7 56.
Qh1 b4 57. Qg1 b3 58. g4 h4 59. g5 Rg3 60. g6+ Kh8 61. Qa7 Qd6 62. Qa8+ 1-0

[Event "Early-Titled-Tuesday-Blitz-October-10-2023"]
[Site "Chess.com"]
[Date "2023.10.10"]
[Round "6"]
[White "GalaxyRoman"]
[Black "Anton_Demchenko"]
[Result "0-1"]
[WhiteElo "2800"]
[BlackElo "3011"]
[TimeControl "180+1"]
[EndTime "9:05:43 PDT"]
[Termination "Anton_Demchenko won by checkmate"]

1. e4 e5 2. Nf3 Nc6 3. Bb5 a6 4. Ba4 Nge7 5. O-O Ng6 6. c3 d6 7.
d4 Bd7 8. Be3 Be7 9. Nbd2 O-O 10. h3 b5 11. Bc2 exd4 12. cxd4 Nb4 13. Bb1 c5 14. d5 a5 15. a3 Na6 16. Re1 Bf6 17.
Qc2 Re8 18. Ba2 a4 19. Rad1 Rc8 20. Nf1 c4 21. Bd4 Nc5 22. Bxc5 Rxc5 23. Ng3 Nf4 24. Bb1 Be5 25. Nxe5 dxe5 26. Ne2 Ng6 27. Qd2 Qf6 28. Rc1 h6 29. Rc3 Qg5 30. Qxg5 hxg5 31. Rec1 Kf8 32.
f3 Ke7 33. R3c2 Kd6 34. Nc3 Nf4 35. Rd2 Rcc8 36. Ne2 Ng6 37. Nc3 Rc5 38. Ne2 Rb8 39.
Ba2 f6 40. Kh2 Rh8 41. Kg1 Nf4 42. Nxf4 gxf4 43. Kf2 g6 44. Bb1 Rb8 45. Rdc2 Rcc8 46. Ke1 f5 47. Rd2 fxe4 48. Bxe4 Bf5 49. Rdc2 Bxe4 50.
fxe4 g5 51. Kf2 Rh8 52. Rc3 Rh4 53. R1c2 g4 54. hxg4 Rxg4 55. Rh3 Rg6 56. Rh5 Rbg8 57. Kf1 Re8 58. Rf2 Kc5 59. Rf3 Kd4 60. d6 Rxd6 61.
g3 Kxe4 62. Ke2 Red8 63. Rf1 Rd2+ 64. Ke1 Rd1+ 65. Ke2 R8d2# 0-1

[Event "Early-Titled-Tuesday-Blitz-October-10-2023"]
[Site "Chess.com"]
[Date "2023.10.10"]
[Round "6"]
[White "banane_verte"]
[Black "Quattroporte300"]
[Result "1-0"]
[WhiteElo "2518"]
[BlackElo "2377"]
[TimeControl "180+1"]
[EndTime "9:05:44 PDT"]
[Termination "banane_verte won on time"]

1. e4 c5 2. Nf3 Nc6 3. Bb5 g6 4.
O-O Bg7 5. Re1 d6 6. c3 Bd7 7. d4 cxd4 8. cxd4 a6 9. Be2 Nf6 10.
Nc3 O-O 11. h3 e5 12. Be3 Rc8 13. Qd2 Re8 14. Rad1 exd4 15. Nxd4 Nxe4 16. Nxe4 Rxe4 17. Nxc6 Bxc6 18. Bf3 Re6 19. Bd5 Bxd5 20. Qxd5 b5 21. Bd4 Rxe1+ 22. Rxe1 Rc2 23. Rd1 Bxd4 24. Qxd4 Qc7 25.
Re1 Rc1 26. Rxc1 Qxc1+ 27. Kh2 Qc5 28. Qd2 Kg7 29. g3 d5 30. Qa5 Qd6 31. Qc3+ d4 32. Qd3 Qd5 33. a3 Qc4 34. Qe4 Qc5 35. h4 h5 36. Kg2 Qd6 37. Qd3 Qd5+ 38. Kh2 f5 39. Qe2 Kf7 40. Qd3 Qe4 41. Qb3+ Qe6 42.
Qd3 Qc4 43. Qf3 d3 44. Qb7+ Kg8 45. Qa8+ Kg7 46. Qa7+ Kh6 47. Qe3+ Kg7 48. Qe5+ Kf7 49. Qd6 Qc2 50. Qd7+ Kf6 51. Qd6+ Kf7 52. Qd7+ Kg8 53. Qe6+ Kg7 54. Qe7+ Kg8 55. Qe6+ Kf8 56. Qf6+ Ke8 57.
Qxg6+ Kd7 58. Qxf5+ Kc6 59. g4 hxg4 60. h5 Qe2 61. Qc8+ Kd5 62. Qd7+ Kc4 63. Qf7+ Kc5 64. Qa7+ Kd6 65. Qd4+ Ke6 66. Qb6+ Kf5 67. Qg6+ Ke5 68.
Qg7+ Kd6 69. Qf6+ Kd5 70. h6 d2 71. Qd8+ Ke5 72. Qe8+ Kf4 73. Qxe2 1-0

[Event "Early-Titled-Tuesday-Blitz-October-10-2023"]
[Site "Chess.com"]
[Date "2023.10.10"]
[Round "6"]
[White "SlavenPastar"]
[Black "Rozhkov_V"]
[Result "0-1"]
[WhiteElo "2553"]
[BlackElo "2452"]
[TimeControl "180+1"]
[EndTime "9:05:45 PDT"]
[Termination "Rozhkov_V won by resignation"]

1. b3 Nf6 2. Bb2 g6 3. Nf3 Bg7 4. e3 O-O 5. c4 c5 6. Be2 b6 7. d4 cxd4 8. exd4 Bb7 9. d5 d6 10. O-O Bc8 11. Nd4 Qc7 12. Nc3 a6 13. Re1 Re8 14.
Qd2 e5 15. dxe6 fxe6 16. Bf3 Ra7 17. Re2 e5 18. Rae1 Rd8 19. Nd5 Qf7 20. Nc2 Nxd5 21. Bxd5 Be6 22. Ne3 Bh6 23. Qb4 Bxe3 24. Rxe3 Bxd5 25.
Qxb6 Rf8 26. f3 Bc6 27. Ba3 Rb7 28. Qa5 Qf6 29. Qd2 Rd7 30. Rd3 Rfd8 31. Rd1 Bb7 32. Bxd6 Nc6 33. c5 Nd4 34. Qc1 Bc6 35. Qc4+ Kg7 36.
a4 Nf5 37. Qxa6 Bb7 38. Qb6 Nxd6 39. cxd6 e4 40. fxe4 Bxe4 41. R3d2 Qg5 42. Qf2 Kg8 43. h4 Qg4 44. Rd4 Re8 45. Re1 Rf7 46. Qe2 Qxe2 47.
Rxe2 Bc6 48. d7 Rd8 49. Red2 Rfxd7 50. Rd6 Rxd6 51. Rc2 Bd5 52. Rc5 Bxb3 53. a5 Ba4 54. Rc7 Ra6 55. Rc5 Rda8 56. h5 Rxa5 57. Rc7 gxh5 58.
g4 Rg5 59. Kh2 hxg4 0-1

[Event "Early-Titled-Tuesday-Blitz-October-10-2023"]
[Site "Chess.com"]
[Date "2023.10.10"]
[Round "6"]
[White "bazar-wokzal"]
[Black "unclear15"]
[Result "0-1"]
[WhiteElo "2543"]
[BlackElo "2455"]
[TimeControl "180+1"]
[EndTime "9:05:45 PDT"]
[Termination "unclear15 won by resignation"]

1. e4 c5 2. c3 e6 3. d4 d5 4. e5 Nc6 5. Nf3 Qb6 6. a3 cxd4 7. cxd4 Nge7 8. Nc3 Nf5 9. Na4 Qa5+ 10. b4 Qd8 11.
Be3 Nxe3 12. fxe3 g6 13. Bd3 Bh6 14. Qe2 O-O 15. O-O f6 16. exf6 Qxf6 17. Ne5 Qg5 18. Rxf8+ Kxf8 19. Rf1+ Kg8 20. Ng4 Bg7 21. Qf3 Qe7 22.
h4 e5 23. dxe5 Bxg4 24. Qxg4 Nxe5 25. Qe2 Qxh4 26. Rf4 Qg3 27. Nc5 Bh6 28. Ne6 Re8 29. Rf6 Qxe3+ 30. Kh1 Nxd3 31. Qxe3 Bxe3 32. Nc7 Rf8 33.
Rxf8+ Kxf8 34. Nxd5 Bd2 35. Kh2 Kf7 36. Kg3 Ke6 37. Nc7+ Ke5 38. Kf3 Kd4 39. Ne8 Kc3 40. Nd6 b6 41. Nb5+ Kb3 42. Nxa7 Kxa3 43. Ke2 Nf4+ 44. Kxd2 Nxg2 45. Nc8 b5 46. Kc3 h5 47.
Nd6 Ka4 48. Ne4 h4 49. Ng5 Nf4 50. Kd4 h3 51. Nf3 Kxb4 52. Ke4 Ne2 53. Ke3 Ng1 54.
Nh2 Ka3 55. Kf2 b4 56. Kxg1 b3 57. Nf3 b2 58. Nd2 g5 59. Kh2 g4 60. Kg3 Ka2 61. Kxg4 h2 62. Kg3 h1=Q 63. Kf2 0-1

[Event "Early-Titled-Tuesday-Blitz-October-10-2023"]
[Site "Chess.com"]
[Date "2023.10.10"]
[Round "6"]
[White "Journey_to_GrandMaster_YT"]
[Black "PeshkaCh"]
[Result "1-0"]
[WhiteElo "2645"]
[BlackElo "2817"]
[TimeControl "180+1"]
[EndTime "9:05:47 PDT"]
[Termination "Journey_to_GrandMaster_YT won by checkmate"]

1. d4 Nf6 2. Nf3 e6 3. c4 d5 4. Nc3 Be7 5. Bg5 O-O 6. e3 b6 7.
cxd5 Nxd5 8. Bxe7 Qxe7 9. Nxd5 exd5 10. Rc1 Bg4 11. Qc2 c5 12. dxc5 Rc8 13. b4 bxc5 14. bxc5 Nd7 15. c6 Bxf3 16. gxf3 Ne5 17. c7 Nxf3+ 18. Kd1 a6 19. Bh3 Ne5 20. Bxc8 Rxc8 21. Qc5 Qd7 22. Qd4 Nc6 23. Qb6 Qg4+ 24. Kd2 Ne5 25.
Qd6 Nf3+ 26. Kc2 h6 27. Kb2 Kh7 28. Rhd1 d4 29. Rxd4 Qf5 30. Rf4 Qb5+ 31. Qb4 Qe5+ 32. Kb1 Ng5 33. Qd4 Qb5+ 34. Qb2 Qd7 35. Rd4 Qf5+ 36.
Qc2 g6 37. Qxf5 gxf5 38. Rd8 Rxc7 39. Rxc7 Kg6 40. Rg8+ Kf6 41. Rxg5 hxg5 42. Rc6+ Ke5 43. Rxa6 Ke4 44. Kc2 Kf3 45. Rf6 f4 46. exf4 gxf4 47. Rxf7 Kxf2 48. Rxf4+ Kg2 49. Rf8 Kh3 50. a4 Kg2 51. a5 Kh3 52. a6 Kg2 53. a7 Kg1 54. h4 Kh2 55. h5 Kg3 56. h6 Kh2 57. h7 Kh1 58. a8=Q+ Kg1 59. Rg8+ Kf2 60. Qf8+ Ke3 61. Qe7+ Kd4 62. Rd8+ Kc4 63. Qc7+ Kb4 64. Rb8+ Ka4 65. Qa7# 1-0